Map: Kairos Junction LE

Players

Trizztein

  • Race: Terran Terran
  • League: Diamond
  • Spawn Location: 5:00

A.I. 1 (Easy) - Winner!

  • Race: Protoss Protoss
  • Spawn Location: 11:00

VOD

Have the link to the VOD?

Description

17 scout SCV sees double refineries with 3/3 saturation on each.

SCV patrols nat and his 3rd base to check for transition timing, first marine scouts for proxy

Good vs basically all 1 base tech play from toss:
Double robo proxy
Single robo proxy with gates
Proxy tempest (just make reactor on starport immediately)
VS DTs: make sure to get that ebay around 4:15ish

Make sure toss doesn't steal your gas with his probe (have an SCV spam the geyser and if the probe targets the SCV make sure to keep spamming while another SCV starts working on that probe). You NEED that gas to tech up and get the tools you need vs any of those cheeses.

Time

  • Played on: June 19, 2019, 7:46 a.m.
  • Length: 10:16
Show
View Real Time Build Order
Export as new Build Order

Trizztein Terran 

Build Orders:  

Get SALT Encoding   

  12  0:00  SCV  
  13  0:13  SCV  
  14  0:17  Supply Depot  
  14  0:25  SCV  
  15  0:38  SCV  
  15  0:40  Barracks  
  16  0:46  Refinery  
  16  0:50  SCV  
  17  1:03  SCV  
  18  1:15  SCV  
  19  1:29  Orbital Command  
  19  1:32  Marine  
  20  1:45  Command Center  
  20  1:55  SCV  
  20  1:57  Barracks Reactor  
  20  2:00  Supply Depot  
  21  2:07  SCV  
  22  2:13  Factory  
  22  2:18  Refinery  
  22  2:19  SCV  
  23  2:31  SCV  
  23  2:33  Marine x2  
  26  2:43  SCV  
  27  2:55  Marine x2  
  27  2:56  Orbital Command  
  27  2:58  Widow Mine  
  31  3:01  Bunker  
  31  3:02  SCV  
  32  3:07  Starport  
  32  3:14  Marine x2  
  32  3:15  SCV  
  37  3:21  Factory Tech Lab  
  37  3:23  SCV  
  36  3:27  SCV  
  37  3:34  Bunker  
  37  3:35  SCV  
  37  3:39  SCV, Marine  
  37  3:40  Supply Depot  
  43  3:48  Siege Tank  
  43  3:52  Viking  
  43  3:55  SCV  
  46  4:01  SCV  
  47  4:04  Marine x2  
  47  4:07  SCV  
  47  4:08  Bunker  
  50  4:12  Supply Depot  
  50  4:17  SCV, Liberator  
  50  4:24  Siege Tank  
  54  4:33  SCV  
  54  4:35  Supply Depot  
  54  4:37  SCV  
  59  4:39  Marine  
  59  4:40  Marine  
  61  4:46  SCV  
  62  4:57  SCV, Siege Tank, Supply Depot  
  66  5:03  Marine x2  
  66  5:05  SCV  
  69  5:09  SCV  
  70  5:19  SCV  
  71  5:21  Orbital Command  
  71  5:24  Marine x2  
  73  5:31  SCV  
  74  5:41  Refinery x2  
  74  5:48  Starport Tech Lab  
  74  5:50  Barracks  
  74  5:51  SCV x2, Marine x2  
  74  5:52  Barracks  
  74  5:54  Factory Reactor  
  77  6:03  SCV, Supply Depot x2  
  78  6:18  Starport Reactor  
  78  6:20  Engineering Bay, Command Center  
  78  6:23  Engineering Bay  
  78  6:24  SCV x2  
  80  6:25  Supply Depot  
  80  6:29  Supply Depot, Marine x2  
  80  6:32  Widow Mine  
  86  6:33  Widow Mine  
  86  6:36  SCV x2  
  88  6:40  Stimpack  
  88  6:44  Combat Shield  
  88  6:46  Marauder x2  
  92  6:49  Terran Infantry Weapons Level 1  
  92  6:50  Terran Infantry Armor Level 1  
  94  6:57  Supply Depot  
  94  6:58  Medivac x2  
  94  7:00  Supply Depot, Marine  
  97  7:03  Widow Mine  
  97  7:07  SCV x2  
  101  7:10  Marauder, Marine  
  104  7:16  Missile Turret  
  104  7:19  SCV x2  
  104  7:20  Supply Depot  
  106  7:24  Marauder, Supply Depot, Marine  
  106  7:28  Marine  
  110  7:31  Orbital Command  
  110  7:34  Barracks  
  110  7:40  Barracks  
  110  7:44  Marine x2  
  110  7:45  Marine  
  110  7:46  Marine  
  110  7:47  Supply Depot  
  114  7:59  Supply Depot, Orbital Command  
  114  8:00  Widow Mine  
  114  8:01  Widow Mine  
  114  8:02  Marine  
  114  8:03  Marauder, Marine  
  114  8:05  Armory, Marine  
  123  8:10  SCV x2  
  123  8:12  Medivac  
  126  8:14  Medivac  
  128  8:20  Marine  
  128  8:21  Marine  
  128  8:22  SCV, Marine, Refinery  
  128  8:23  SCV  
  128  8:24  Marine  
  128  8:25  Refinery  
  128  8:26  Barracks Reactor  
  134  8:28  Widow Mine x2  
  134  8:29  SCV  
  139  8:38  Marine x2  
  139  8:40  Marine  
  141  8:41  Marine  
  141  8:47  Medivac x2  
  146  8:56  Marine x2  
  146  8:58  Marine  
  149  9:06  Marauder, Marine x2  
  150  9:34  Marauder x2, Marine x4  
  150  9:35  Widow Mine x2  
  168  9:52  SCV x2, Marine x3  
  173  10:07  Barracks Tech Lab  
  173  10:10  Ghost Academy, Starport  
Show
View Real Time Build Order
Export as new Build Order

A.I. 1 (Easy) Protoss - Winner!

Build Orders:  

Get SALT Encoding   

  12  0:00  Probe  
  13  0:13  Probe  
  14  0:20  Pylon  
  14  0:25  Probe  
  15  0:34  Probe  
  16  0:44  Assimilator  
  16  0:50  Gateway  
  16  0:53  Pylon  
  16  1:18  Assimilator  
  16  1:30  Zealot  
  16  1:37  Cybernetics Core  
  18  1:45  Probe  
  19  1:58  Pylon  
  19  1:59  Probe  
  19  2:07  Probe  
  20  2:14  Adept  
  23  2:16  Warp Gate, Probe  
  24  2:28  Probe  
  25  2:40  Probe  
  25  2:43  Adept  
  28  3:04  Stalker  
  30  5:19  Probe  
  30  5:23  Sentry  
  30  5:25  Pylon  
  33  5:43  Probe  
  33  5:45  Robotics Facility, Zealot  
  33  5:49  Pylon  
  36  5:55  Probe  
  29  6:07  Stalker  
  31  6:29  Sentry  
  33  6:34  Observer  
  34  6:40  Nexus  
  34  6:51  Stalker  
  36  6:55  Observer  
  37  7:14  Adept  
  39  7:36  Zealot  
  41  7:49  Probe  
  41  7:56  Probe  
  41  7:58  Probe  
  43  7:59  Assimilator  
  43  8:02  Assimilator  
  44  8:06  Probe  
  44  8:08  Probe  
  46  8:18  Probe  
  47  8:20  Probe  
  47  8:26  Probe  
  48  8:33  Probe  
  48  8:34  Stalker, Probe  
  39  8:45  Observer, Probe  
  35  8:55  Pylon  
  24  8:57  Zealot, Probe  
  27  9:09  Probe  
  31  9:21  Probe  
  29  9:25  Stalker  
  29  9:29  Probe  
  31  9:37  Probe  
  27  9:47  Probe  
Tags
 
Add a new tag
Caveats
  • Supply blocks, unpowered buildings, or Contaminate may cause inaccurate times.
  • Supply counts are checked every 10 seconds.